 Dungeon Crawl Stone Soup version 0.29.1-15-g9cfb28693d (webtiles) character file.

Game seed: 16504469778930652478

251 Renzlar the Shield-Bearer (level 6, -1/53 HPs)
             Began as a Gnoll Fighter on Mar 16, 2023.
             Slain by a gnoll
             ... wielding a +0 flail
              (2 damage)
             ... on level 4 of the Dungeon.
             The game lasted 00:09:33 (3673 turns).

Renzlar the Shield-Bearer (Gnoll Fighter)           Turns: 3673, Time: 00:09:34

Health: -1/53      AC:  9    Str: 18    XL:     6   Next: 13%
Magic:  8/8        EV: 10    Int:  7    God:
Gold:   82         SH:  5    Dex: 11    Spells: 8/8 levels left

rFire   . . .      SeeInvis +   a - +0 war axe
rCold   . . .      Faith    .   j - +0 buckler
rNeg    . . .      Spirit   .   b - +0 scale mail
rPois   .          Reflect  .   (no helmet)
rElec   .          Harm     .   (no cloak)
rCorr   .          Rampage  .   u - +0 pair of gloves
Will    +....                   (no boots)
Stlth   ..........              (no amulet)
HPRegen 0.17/turn               l - ring of willpower
MPRegen 0.11/turn               x - ring of see invisible

@: slowed, very slow
A: fangs 1, strong nose, distributed training
a: no special abilities


You were on level 4 of the Dungeon.
You visited 1 branch of the dungeon, and saw 4 of its levels.

You collected 157 gold pieces.
You spent 75 gold pieces at shops.

Inventory:

Hand Weapons
 a - a +0 war axe (weapon)
 c - a +0 sling
 d - a +5 long sword
Missiles
 h - 2 poisoned darts (quivered)
Armour
 b - a +0 scale mail (worn)
 j - a +0 buckler (worn)
 u - a +0 pair of gloves (worn)
Jewellery
 f - a ring of magical power
 l - a ring of willpower (left hand)
 x - a ring of see invisible (right hand)
Scrolls
 i - a scroll of poison
 n - 4 scrolls of amnesia
 t - a scroll of fear
 w - a scroll of fog
Potions
 e - a potion of brilliance {unknown}
 g - a potion of flight {unknown}
 k - a potion of heal wounds
 m - a potion of might
 o - a potion of mutation {unknown}
 p - 2 potions of curing {unknown}
 q - a potion of cancellation {unknown}
 r - a potion of attraction {unknown}
 s - a potion of haste {unknown}
 v - 2 potions of resistance {unknown}


   Skills:
 + Level 6.8 Fighting
 + Level 1.9 Short Blades
 + Level 1.9 Long Blades
 + Level 4.9 Axes
 + Level 1.9 Maces & Flails
 + Level 1.9 Polearms
 + Level 1.9 Staves
 + Level 1.9 Ranged Weapons
 + Level 1.9 Throwing
 + Level 6.8 Armour
 + Level 1.9 Dodging
 + Level 1.9 Stealth
 + Level 6.8 Shields
 + Level 1.9 Unarmed Combat
 + Level 1.9 Spellcasting
 + Level 1.5 Conjurations
 + Level 1.5 Hexes
 + Level 1.5 Summonings
 + Level 1.5 Necromancy
 + Level 1.5 Translocations
 + Level 1.5 Transmutations
 + Level 1.5 Fire Magic
 + Level 1.5 Ice Magic
 + Level 1.5 Air Magic
 + Level 1.5 Earth Magic
 + Level 1.5 Poison Magic
 + Level 2.1 Invocations
 + Level 1.9 Evocations


You had 8 spell levels left.
You didn't know any spells.
Your spell library contained the following spells:

 Spells                   Type           Power      Damage    Failure   Level
 Blink                    Tloc           4%         N/A       75%         2
 Lesser Beckoning         Tloc           2%         N/A       92%         3
 Manifold Assault         Tloc           2%         N/A       100%        5


Dungeon Overview and Level Annotations

Branches:
Dungeon (4/15)
 Temple: D:4-7

Altars:
Hepliaklqana
The Shining One

Shops:
D:4 *


Innate Abilities, Weirdness & Mutations

You have very sharp teeth.
Your uncanny sense of smell can sniff out nearby items.
Your experience applies equally to all skills.


Message History

Unknown command.
You feel much better.
You feel sick. The adder bites you but does no damage.
You block the gnoll's attack. The gnoll hits you with a +0 whip.
The gnoll misses you. The gnoll hits you with a +0 spear.
The adder bites you but does no damage. The gnoll hits you but does no damage.
The gnoll closely misses you. The gnoll barely misses you.
The gnoll closely misses you.
You barely miss the gnoll. You bite the gnoll, but do no damage.
The gnoll is moderately wounded.
You barely miss the adder.
You barely miss the gnoll. x2; You hit the gnoll.
You feel sick. The adder barely misses you. The gnoll hits you with a +0 flail.
* * * LOW HITPOINT WARNING * * *
You block the gnoll's attack. The gnoll hits you but does no damage.
The adder bites you but does no damage. The gnoll hits you with a +0 spear.
* * * LOW HITPOINT WARNING * * *
Unknown command.
Unknown command.
You miss the adder. You barely miss the gnoll. You hit the gnoll. x3
You feel sick.
You are no longer poisoned.
The adder bites you but does no damage. The gnoll hits you but does no damage.
The gnoll misses you. The gnoll barely misses you.
You block the gnoll's attack. The adder barely misses you.
You block the gnoll's attack. The gnoll hits you with a +0 flail.
* * * LOW HITPOINT WARNING * * *
You block the gnoll's attack. The gnoll barely misses you.
You block the adder's attack.
Unknown command.
You slash the adder! You bite the adder.
The adder is almost dead.
You hit the gnoll. x3; You closely miss the gnoll.
The adder closely misses you. The gnoll hits you but does no damage.
The gnoll closely misses you. You block the gnoll's attack.
The gnoll hits you with a +0 spear.
* * * LOW HITPOINT WARNING * * *
The adder bites you but does no damage. The gnoll hits you with a +0 spear.
* * * LOW HITPOINT WARNING * * *
The gnoll hits you with a +0 spear.
* * * LOW HITPOINT WARNING * * *
The gnoll hits you with a +0 flail.
You die...

#.. #......# #.####
##...##..# .......##.#
#.#.###...## ##. ........#..
#..##.#...# #. ............
##.)......## ##
....#........ ###.........#
#
.....#........#..#........#
#.
#..............ggg.>...##..#
#..
#..............g@......#.#.#
#..#
#..<..........#S....####.
.....# ..####...... #....##
.##. ..# ... #....#.# ## ..#
.........^ ..# ...........
..# .....#....## .....
.....#....# ......


You could see 4 gnolls and an adder.

Vanquished Creatures
  A scorpion (D:2)
  An iguana (D:4)
  An orc wizard (D:4)
  5 adders
  8 orcs
  7 endoplasms
  2 giant cockroaches
  12 goblins
  7 hobgoblins
  10 jackals
  4 quokkas
  4 ball pythons
  5 bats
  3 frilled lizards (D:1)
  A kobold (D:3)
  6 rats
77 creatures vanquished.

Notes
Turn   | Place    | Note
-------+----------+-------------------------------------------
     0 | D:1      | Renzlar the Gnoll Fighter began the quest for the Orb.
     0 | D:1      | Reached XP level 1. HP: 23/23 MP: 1/1
   142 | D:1      | Reached XP level 2. HP: 29/29 MP: 2/2
   746 | D:2      | Noticed a scorpion
   755 | D:2      | Killed a scorpion
   756 | D:2      | Reached skill level 1 in Short Blades
   756 | D:2      | Reached skill level 1 in Long Blades
   756 | D:2      | Reached skill level 1 in Maces & Flails
   756 | D:2      | Reached skill level 1 in Polearms
   756 | D:2      | Reached skill level 1 in Staves
   756 | D:2      | Reached skill level 1 in Ranged Weapons
   756 | D:2      | Reached skill level 1 in Throwing
   756 | D:2      | Reached skill level 1 in Dodging
   756 | D:2      | Reached skill level 1 in Stealth
   756 | D:2      | Reached skill level 1 in Unarmed Combat
   756 | D:2      | Reached skill level 1 in Spellcasting
   756 | D:2      | Reached skill level 1 in Conjurations
   756 | D:2      | Reached skill level 1 in Hexes
   756 | D:2      | Reached skill level 1 in Summonings
   756 | D:2      | Reached skill level 1 in Necromancy
   756 | D:2      | Reached skill level 1 in Translocations
   756 | D:2      | Reached skill level 1 in Transmutations
   756 | D:2      | Reached skill level 1 in Fire Magic
   756 | D:2      | Reached skill level 1 in Ice Magic
   756 | D:2      | Reached skill level 1 in Air Magic
   756 | D:2      | Reached skill level 1 in Earth Magic
   756 | D:2      | Reached skill level 1 in Poison Magic
   756 | D:2      | Reached skill level 1 in Invocations
   756 | D:2      | Reached skill level 1 in Evocations
   756 | D:2      | Reached XP level 3. HP: 30/35 MP: 2/4
   756 | D:2      | Reached XP level 4. HP: 35/41 MP: 2/5
  1429 | D:2      | Reached XP level 5. HP: 47/47 MP: 7/7
  1585 | D:2      | Found a faded altar of an unknown god.
  1825 | D:3      | Found a hazy altar of Hepliaklqana.
  2160 | D:3      | Found a glowing golden altar of the Shining One.
  3092 | D:4      | Found Gelounopp's CLEARANCE SALE!.
  3099 | D:4      | Bought a ring of see invisible for 75 gold pieces
  3486 | D:4      | Reached XP level 6. HP: 35/53 MP: 8/8
  3673 | D:4      | HP: 1/53 [gnoll/+0 spear (2)]
  3673 | D:4      | Slain by a gnoll

Illustrated notes

Levels and vault maps discovered:
D:1:      ncdulo_smallfort, layout_basic
D:2:      layout_basic, shapermc_ecumenical_altar_notcrosses
D:3:      layout_loops_corners, nicolae_tso_carved_into_rock,
          mainiacjoe_overflow_surrounded_room, st_stairs_6
D:4:      layout_layer_cave, amethyst_overflow_temple_binary,
          nicolae_shop_clearance

Skill      XL: |  1  2  3  4  5 |
---------------+----------------+-----
Short Blades   | 1 |  1.9
Long Blades    | 1 |  1.9
Maces & Flails | 1 |  1.9
Polearms       | 1 |  1.9
Staves         | 1 |  1.9
Ranged Weapons | 1 |  1.9
Throwing       | 1 |  1.9
Dodging        | 1 |  1.9
Stealth        | 1 |  1.9
Unarmed Combat | 1 |  1.9
Spellcasting   | 1 |  1.9
Conjurations   | 1 |  1.5
Hexes          | 1 |  1.5
Summonings     | 1 |  1.5
Necromancy     | 1 |  1.5
Translocations | 1 |  1.5
Transmutations | 1 |  1.5
Fire Magic     | 1 |  1.5
Ice Magic      | 1 |  1.5
Air Magic      | 1 |  1.5
Earth Magic    | 1 |  1.5
Poison Magic   | 1 |  1.5
Invocations    | 1 2 |  2.1
Evocations     | 1 |  1.9
Fighting       | |  6.8
Axes           | |  4.9
Armour         | |  6.8
Shields        | |  6.8

Action                   |  1- 3 |  4- 6 || total
-------------------------+-------+-------++-------
Melee: War axe           |    38 |    40 ||    78
       Bite              |     3 |    17 ||    20
       Long sword        |       |   107 ||   107
 Fire: Sling             |       |    65 ||    65
Throw: Dart              |     1 |       ||     1
  Use: Scroll            |     2 |     8 ||    10
       Potion            |       |     1 ||     1
Armor: Scale mail        |    14 |    92 ||   106
Dodge: Dodged            |     8 |    81 ||    89
Block: Buckler           |     5 |    45 ||    50
